General information
- name: BNet
- type: Ladder team game (AT/RT)
- host: Battle.net
- saver: bobsandersishot
map: GoldRush
- players: 8
- length: 49:10
- speed: Fast
- version: 1.24 W3XP
- replay type: Public
» download(226 KB)
Players
team 1 (winner)
SarahPalinSucks (
green | 25 APM | 1212 actions | 49:07)
6 Tauren Chieftain
2 War Stomp
3 Endurance Aura
1 Reincarnation
4 Shadow Hunter
2 Healing Wave
2 Hex
» actions
| Assign group hotkey | 30 | |
| Basic commands | 69 | |
| Build / train | 70 | |
| Enter build submenu | 21 | |
| Enter hero's abilities submenu | 10 | |
| Give item / drop item | 4 | |
| Right click | 276 | |
| Select / deselect | 261 | |
| Select group hotkey | 416 | |
| Use ability | 53 | |
1212 total
» units
» upgrades
| Armor | 1 | |
| Ranged Weapons | 3 | |
| Envenomed Spears | 1 | |
5 total
» buildings
| Altar of Storms | 1 | |
| Orc Burrow | 6 | |
| Barracks | 1 | |
| Stronghold | 1 | |
| War Mill | 1 | |
| Great Hall | 1 | |
| Watch Tower | 4 | |
| Beastiary | 2 | |
| Fortress | 1 | |
| Voodoo Lounge | 1 | |
19 total
» build order
00:14 Altar of Storms
00:17 Orc Burrow
00:37 Barracks
01:32 Orc Burrow
02:40 Stronghold
03:29 Orc Burrow
04:09 War Mill
04:49 Great Hall
05:33 Watch Tower
05:43 Beastiary
06:06 Orc Burrow
06:56 Orc Burrow
07:35 Watch Tower
07:53 Watch Tower
08:42 Watch Tower
09:40 Fortress
15:11 Voodoo Lounge
15:15 Beastiary
16:04 Orc Burrow
» items
| Orb of Lightning | 1 | |
| Potion of Healing | 2 | |
3 total
bobsandersishot (
red | 48 APM | 2337 actions | 49:10)
9 Mountain King
3 Storm Bolt
3 Bash
1 Avatar
2 Thunder Clap
» actions
| Assign group hotkey | 27 | |
| Basic commands | 244 | |
| Build / train | 87 | |
| Enter build submenu | 26 | |
| Enter hero's abilities submenu | 9 | |
| Give item / drop item | 1 | |
| Right click | 730 | |
| Select / deselect | 329 | |
| Select group hotkey | 802 | |
| Use ability | 81 | |
2337 total
» units
| Peasant | 18 | |
| Footman | 4 | |
| Gryphon Rider | 13 | |
| Flying Machine | 13 | |
48 total
» upgrades
| Masonry | 3 | |
| Lumber Harvesting | 2 | |
| Storm Hammers | 1 | |
| Animal War Training | 1 | |
| Swords | 1 | |
| Armor | 1 | |
| Flak Cannons | 1 | |
10 total
» buildings
| Altar of Kings | 1 | |
| Barracks | 1 | |
| Farm | 13 | |
| Scout Tower | 14 | |
| Arcane Tower | 1 | |
| Lumber Mill | 1 | |
| Keep | 1 | |
| Guard Tower | 7 | |
| Town Hall | 3 | |
| Arcane Vault | 1 | |
| Castle | 2 | |
| Gryphon Aviary | 2 | |
| Blacksmith | 1 | |
| Workshop | 2 | |
50 total
» build order
00:08 Altar of Kings
00:21 Barracks
00:36 Farm
00:54 Farm
01:33 Scout Tower
01:58 Farm
02:02 Arcane Tower
02:32 Lumber Mill
03:09 Keep
03:32 Scout Tower
03:33 Scout Tower
04:37 Guard Tower
05:23 Town Hall
05:25 Scout Tower
05:26 Scout Tower
06:25 Arcane Vault
06:31 Scout Tower
06:32 Scout Tower
06:52 Guard Tower
07:25 Guard Tower
08:11 Castle
08:11 Castle
08:31 Gryphon Aviary
09:09 Gryphon Aviary
09:17 Farm
09:18 Farm
09:19 Farm
09:20 Farm
09:21 Farm
11:10 Farm
11:11 Farm
11:28 Blacksmith
12:02 Farm
12:02 Farm
12:02 Farm
13:02 Scout Tower
13:02 Scout Tower
13:02 Scout Tower
13:03 Scout Tower
13:03 Scout Tower
13:05 Scout Tower
13:05 Scout Tower
14:14 Guard Tower
14:54 Guard Tower
15:02 Guard Tower
17:28 Town Hall
17:38 Workshop
19:09 Town Hall
19:52 Workshop
» items
| Scroll of Regeneration | 1 | |
| Lesser Clarity Potion | 1 | |
| Potion of Mana | 1 | |
| Potion of Lesser Invulnerability | 1 | |
| Staff of Teleportation | 1 | |
| Scroll of Town Portal | 2 | |
7 total
T3AM_K1LL3R (
blue | 22 APM | 1066 actions | 49:07)
5 Blademaster
3 Wind Walk
2 Critical Strike
» actions
| Assign group hotkey | 9 | |
| Basic commands | 4 | |
| Build / train | 56 | |
| Enter build submenu | 36 | |
| Enter hero's abilities submenu | 5 | |
| Remove unit from queue | 6 | |
| Right click | 479 | |
| Select / deselect | 335 | |
| Select group hotkey | 84 | |
| Use ability | 47 | |
1066 total
» units
» upgrades
| Ranged Weapons | 0 | |
| Spiked Barricades | 1 | |
| Melee Weapons | 0 | |
| Armor | 0 | |
1 total
» buildings
| Orc Burrow | 9 | |
| Altar of Storms | 2 | |
| Barracks | 1 | |
| War Mill | 1 | |
| Watch Tower | 8 | |
| Stronghold | 1 | |
| Great Hall | 3 | |
| Beastiary | 2 | |
27 total
» build order
00:13 Orc Burrow
00:19 Orc Burrow
00:24 Altar of Storms
00:58 Barracks
01:47 War Mill
03:22 Watch Tower
03:26 Watch Tower
03:39 Watch Tower
04:32 Orc Burrow
04:51 Watch Tower
06:12 Watch Tower
06:42 Orc Burrow
07:38 Watch Tower
08:23 Stronghold
08:57 Watch Tower
09:13 Orc Burrow
10:19 Orc Burrow
10:44 Great Hall
11:34 Beastiary
11:36 Beastiary
13:54 Altar of Storms
19:39 Orc Burrow
19:41 Orc Burrow
21:16 Orc Burrow
22:20 Great Hall
26:04 Watch Tower
28:11 Great Hall
cruisercromwell (
teal | 33 APM | 1252 actions | 38:19)
4 Blademaster
2 Mirror Image
2 Critical Strike
4 Shadow Hunter
2 Serpent Ward
2 Healing Wave
» actions
| Assign group hotkey | 39 | |
| Basic commands | 104 | |
| Build / train | 65 | |
| Enter build submenu | 13 | |
| Enter hero's abilities submenu | 8 | |
| Give item / drop item | 2 | |
| Remove unit from queue | 2 | |
| Right click | 238 | |
| Select / deselect | 385 | |
| Select group hotkey | 307 | |
| Use ability | 89 | |
1252 total
» units
| Peon | 8 | |
| Troll Headhunter/Berserker | 12 | |
| Kodo Beast | 2 | |
| Troll Witch Doctor | 10 | |
| Demolisher | 8 | |
40 total
» upgrades
| Troll Regeneration | 1 | |
| Witch Doctor Training | 2 | |
| Berserker Upgrade | 1 | |
| Burning Oil | 1 | |
| War Drums Damage Increase | 1 | |
6 total
» buildings
| Orc Burrow | 6 | |
| Altar of Storms | 1 | |
| War Mill | 2 | |
| Barracks | 1 | |
| Voodoo Lounge | 1 | |
| Stronghold | 1 | |
| Fortress | 1 | |
| Beastiary | 1 | |
| Spirit Lodge | 1 | |
15 total
» build order
00:20 Orc Burrow
00:35 Altar of Storms
00:59 War Mill
01:02 War Mill
01:12 Barracks
01:43 Orc Burrow
01:59 Voodoo Lounge
03:33 Stronghold
04:56 Orc Burrow
05:57 Fortress
05:59 Beastiary
06:04 Spirit Lodge
06:57 Orc Burrow
08:47 Orc Burrow
10:54 Orc Burrow
» items
| Healing Salve | 2 | |
| Scroll of Speed | 2 | |
| Orb of Lightning | 1 | |
5 total
team 2 (loser)
Duuk_Sun (
pink | 29 APM | 553 actions | 19:04)
5 Paladin
1 Holy Light
3 Devotion Aura
1 Divine Shield
» actions
| Basic commands | 11 | |
| Build / train | 54 | |
| Enter build submenu | 24 | |
| Enter hero's abilities submenu | 5 | |
| Right click | 235 | |
| Select / deselect | 167 | |
| Use ability | 57 | |
553 total
» units
| Peasant | 12 | |
| Footman | 3 | |
| Rifleman | 7 | |
| Priest | 9 | |
31 total
» upgrades
| Gunpowder | 2 | |
| Armor | 3 | |
| Masonry | 2 | |
| Long Rifles | 1 | |
| Priest Training | 2 | |
10 total
» buildings
| Altar of Kings | 1 | |
| Farm | 11 | |
| Barracks | 2 | |
| Lumber Mill | 1 | |
| Scout Tower | 5 | |
| Guard Tower | 3 | |
| Arcane Vault | 1 | |
| Arcane Tower | 1 | |
| Blacksmith | 1 | |
| Keep | 1 | |
| Castle | 1 | |
| Arcane Sanctum | 1 | |
29 total
» build order
00:07 Altar of Kings
00:19 Farm
00:32 Barracks
01:04 Farm
01:15 Lumber Mill
01:49 Scout Tower
01:54 Farm
02:00 Farm
02:24 Guard Tower
02:33 Scout Tower
02:58 Arcane Vault
03:03 Arcane Tower
03:23 Blacksmith
03:27 Farm
04:10 Farm
04:13 Keep
04:22 Barracks
05:30 Farm
06:00 Farm
06:05 Scout Tower
06:13 Scout Tower
06:17 Farm
06:30 Scout Tower
06:34 Castle
06:36 Guard Tower
07:29 Guard Tower
07:44 Arcane Sanctum
09:30 Farm
09:33 Farm
» items
Tsar. (
yellow | 44 APM | 2169 actions | 49:07)
10 Blademaster
3 Wind Walk
3 Critical Strike
1 Bladestorm
3 Mirror Image
» actions
| Assign group hotkey | 101 | |
| Basic commands | 89 | |
| Build / train | 99 | |
| Enter build submenu | 55 | |
| Enter hero's abilities submenu | 10 | |
| Give item / drop item | 21 | |
| Right click | 942 | |
| Select / deselect | 444 | |
| Select group hotkey | 200 | |
| Use ability | 208 | |
2169 total
» units
| Peon | 21 | |
| Grunt | 4 | |
| Troll Batrider | 9 | |
| Wind Rider | 3 | |
37 total
» upgrades
| Berserker Strength | 1 | |
| Pillage | 1 | |
| Reinforced Defenses | 1 | |
| Armor | 3 | |
| Ranged Weapons | 3 | |
| Liquid Fire | 1 | |
10 total
» buildings
| Altar of Storms | 1 | |
| Orc Burrow | 4 | |
| Barracks | 1 | |
| Voodoo Lounge | 2 | |
| Stronghold | 1 | |
| Great Hall | 4 | |
| Fortress | 1 | |
| War Mill | 5 | |
| Watch Tower | 39 | |
| Beastiary | 4 | |
62 total
» build order
00:25 Altar of Storms
00:29 Orc Burrow
01:06 Barracks
01:22 Orc Burrow
01:52 Voodoo Lounge
03:20 Stronghold
04:08 Great Hall
05:49 Orc Burrow
05:53 Fortress
10:17 Great Hall
10:24 War Mill
11:42 Watch Tower
11:43 Watch Tower
11:44 Watch Tower
11:44 Watch Tower
11:45 Watch Tower
11:46 Watch Tower
11:46 Watch Tower
11:48 Watch Tower
12:16 Watch Tower
12:17 Watch Tower
12:17 Watch Tower
12:18 Watch Tower
12:18 Watch Tower
12:21 Watch Tower
12:52 Watch Tower
12:53 Watch Tower
12:53 Watch Tower
13:00 War Mill
15:09 Voodoo Lounge
19:20 Great Hall
19:51 Beastiary
19:52 Beastiary
19:54 Beastiary
19:56 Beastiary
20:16 Watch Tower
20:16 Watch Tower
20:19 Watch Tower
20:19 Watch Tower
20:20 Watch Tower
20:21 Watch Tower
20:22 Watch Tower
20:22 Watch Tower
20:25 Watch Tower
20:25 Watch Tower
21:30 Watch Tower
21:31 Watch Tower
21:31 Watch Tower
21:32 Watch Tower
21:34 Watch Tower
21:34 Watch Tower
21:35 Watch Tower
21:36 Watch Tower
22:01 War Mill
22:17 Orc Burrow
22:34 Watch Tower
24:32 Watch Tower
24:34 Watch Tower
26:37 War Mill
26:44 War Mill
28:27 Great Hall
28:29 Watch Tower
» items
| Healing Salve | 7 | |
| Circlet of Nobility | 2 | |
| Boots of Speed | 1 | |
| Lesser Clarity Potion | 9 | |
| Scroll of Regeneration | 2 | |
| Potion of Healing | 6 | |
| Potion of Mana | 4 | |
| Orb of Lightning | 1 | |
| Scroll of Town Portal | 6 | |
| Staff of Teleportation | 1 | |
39 total
evuslatigresse (
orange | 22 APM | 932 actions | 42:31)
5 Blademaster
2 Wind Walk
3 Critical Strike
2 Shadow Hunter
1 Healing Wave
1 Serpent Ward
» actions
| Basic commands | 17 | |
| Build / train | 98 | |
| Enter build submenu | 31 | |
| Enter hero's abilities submenu | 7 | |
| Remove unit from queue | 4 | |
| Right click | 360 | |
| Select / deselect | 325 | |
| Use ability | 89 | |
932 total
» units
| Peon | 23 | |
| Wind Rider | 28 | |
| Troll Batrider | 12 | |
| Rifleman | 3 | |
66 total
» upgrades
| Spiked Barricades | 1 | |
| Armor | 2 | |
| Ranged Weapons | 1 | |
4 total
» buildings
| Altar of Storms | 3 | |
| Orc Burrow | 11 | |
| War Mill | 2 | |
| Voodoo Lounge | 2 | |
| Watch Tower | 6 | |
| Stronghold | 2 | |
| Beastiary | 4 | |
| Great Hall | 2 | |
| Fortress | 1 | |
33 total
» build order
00:16 Altar of Storms
00:21 Orc Burrow
00:50 War Mill
01:27 Voodoo Lounge
02:20 Watch Tower
03:15 Stronghold
03:55 Orc Burrow
04:17 Orc Burrow
04:22 Orc Burrow
04:28 Watch Tower
05:39 Beastiary
05:47 Beastiary
06:36 Orc Burrow
07:30 Great Hall
07:58 Watch Tower
09:34 Orc Burrow
15:31 Altar of Storms
15:38 Beastiary
15:52 Watch Tower
16:04 Watch Tower
16:32 Altar of Storms
17:11 Orc Burrow
17:18 Beastiary
19:02 Orc Burrow
19:11 War Mill
21:09 Orc Burrow
21:49 Voodoo Lounge
24:20 Watch Tower
24:24 Stronghold
24:32 Orc Burrow
28:17 Orc Burrow
29:21 Fortress
32:55 Great Hall
» items
| Lesser Clarity Potion | 2 | |
| Healing Salve | 3 | |
| Scroll of Speed | 1 | |
| Potion of Healing | 2 | |
| Orb of Lightning | 4 | |
12 total
Socratesp (
purple | 49 APM | 1687 actions | 34:43)
5 Blood Mage
1 Flame Strike
3 Siphon Mana
1 Banish
4 Mountain King
2 Storm Bolt
1 Bash
1 Thunder Clap
» actions
| Assign group hotkey | 38 | |
| Build / train | 79 | |
| Enter build submenu | 41 | |
| Enter hero's abilities submenu | 9 | |
| Give item / drop item | 5 | |
| Right click | 770 | |
| Select / deselect | 356 | |
| Select group hotkey | 256 | |
| Use ability | 133 | |
1687 total
» units
| Peasant | 15 | |
| Footman | 6 | |
| Rifleman | 4 | |
| Spell Breaker | 5 | |
| Priest | 3 | |
| Sorceress | 3 | |
36 total
» upgrades
| Defend | 1 | |
| Backpack | 1 | |
| Masonry | 1 | |
| Gunpowder | 1 | |
| Sorceress Training | 2 | |
| Control Magic | 1 | |
7 total
» buildings
| Altar of Kings | 4 | |
| Barracks | 1 | |
| Farm | 11 | |
| Scout Tower | 9 | |
| Arcane Vault | 2 | |
| Arcane Tower | 3 | |
| Lumber Mill | 4 | |
| Blacksmith | 1 | |
| Keep | 2 | |
| Arcane Sanctum | 3 | |
| Castle | 1 | |
| Town Hall | 2 | |
| Guard Tower | 3 | |
46 total
» build order
00:16 Altar of Kings
00:20 Barracks
00:30 Farm
00:33 Scout Tower
01:04 Farm
01:44 Arcane Vault
02:17 Arcane Tower
02:18 Arcane Tower
02:49 Farm
05:45 Lumber Mill
05:51 Blacksmith
05:55 Farm
06:49 Keep
07:20 Farm
07:24 Farm
08:24 Farm
08:31 Farm
09:45 Arcane Sanctum
09:48 Arcane Sanctum
10:43 Lumber Mill
10:47 Lumber Mill
14:07 Castle
14:16 Town Hall
15:15 Scout Tower
19:06 Town Hall
21:15 Scout Tower
21:15 Scout Tower
21:17 Scout Tower
21:18 Scout Tower
21:20 Scout Tower
22:09 Arcane Tower
22:12 Guard Tower
22:39 Scout Tower
22:41 Scout Tower
23:52 Keep
24:20 Guard Tower
25:57 Guard Tower
28:56 Altar of Kings
29:00 Altar of Kings
29:09 Altar of Kings
29:35 Farm
29:44 Farm
31:06 Arcane Vault
31:23 Farm
31:55 Arcane Sanctum
33:14 Lumber Mill
» items
| Boots of Speed | 2 | |
| Scroll of Regeneration | 4 | |
| Lesser Clarity Potion | 2 | |
| Periapt of Vitality | 1 | |
| Potion of Healing | 3 | |
| Orb of Lightning | 1 | |
| Healing Salve | 1 | |
| Potion of Invisibility | 1 | |
15 total
Chat log
(00:15 / All) Tsar.: I dedicate this game to Fedor "The Last Emperor" Emelianenko
(00:21 / All) Tsar.: "The one that does not fall, does not stand."
(00:27 / Allies) SarahPalinSucks: k 3 orc
(00:44 / All) Socratesp: aye
(00:45 / Allies) T3AM_K1LL3R: and 1 human
(00:49 / Allies) T3AM_K1LL3R: so rush?
(00:51 / All) Tsar.: Also I'd like to make a shoutout to Heinrich Himmler
(00:56 / Allies) SarahPalinSucks: we should rush
(00:58 / Allies) bobsandersishot: cc
(00:58 / All) Socratesp: hell yea
(00:59 / Allies) bobsandersishot: cc
(01:01 / Allies) SarahPalinSucks: although 1) they will expect it
(01:04 / Allies) T3AM_K1LL3R: :P
(01:06 / Allies) T3AM_K1LL3R: so cc
(01:08 / Allies) SarahPalinSucks: and 2) 3 orc late game is going to be a weakness for us
(01:44 / Allies) SarahPalinSucks: so rush or no?
(01:54 / Allies) T3AM_K1LL3R: :P i'd say cc
(01:57 / Allies) SarahPalinSucks: ok
(02:07 / Allies) T3AM_K1LL3R: and a rush xD
(02:19 / Allies) T3AM_K1LL3R: kk?
(02:25 / Allies) SarahPalinSucks: red/blue make sure you have some towers for defense
(02:26 / Allies) T3AM_K1LL3R: build fast but rush
(02:29 / Allies) SarahPalinSucks: and check for a tower rush
(02:35 / Allies) T3AM_K1LL3R: :P kk
(03:22 / Allies) SarahPalinSucks: red lets clear these mines
(04:28 / Allies) bobsandersishot: u take that shit sir
(04:37 / Allies) SarahPalinSucks: the expo?
(04:38 / Allies) bobsandersishot: wood
(04:39 / Allies) bobsandersishot: yes
(04:44 / Allies) bobsandersishot: i dont want to get harassed by some asshole
(04:54 / Allies) bobsandersishot: wood
(05:50 / Allies) bobsandersishot: sarah is hot though
(06:50 / Allies) SarahPalinSucks: we need to scout b ad
(07:01 / Allies) bobsandersishot: jwood just 100
(07:11 / Allies) T3AM_K1LL3R: they are attacking
(07:49 / Allies) SarahPalinSucks: someone scout them please
(08:13 / Allies) T3AM_K1LL3R: need wood plzz
(08:17 / Allies) SarahPalinSucks: we all do
(08:26 / Allies) T3AM_K1LL3R: :P kk
(08:37 / All) bobsandersishot: wtf shredder
(09:22 / Allies) SarahPalinSucks: blue or teal, BM scout?
(09:30 / Allies) SarahPalinSucks: we need to know if we're lost because they're massing air or some shit
(09:32 / Allies) T3AM_K1LL3R: :P why
(09:35 / Allies) T3AM_K1LL3R: teal do it
(09:41 / Allies) T3AM_K1LL3R: i'm a little short on stuff
(11:11 / Allies) T3AM_K1LL3R: teal i'm coming too
(12:40 / Allies) T3AM_K1LL3R: fck they are attacking meh
(12:41 / All) Tsar.: pathfinding is dumb
(12:43 / Allies) T3AM_K1LL3R: HELP!
(12:49 / Allies) SarahPalinSucks: ???
(12:51 / Allies) bobsandersishot: give me ur gold blue
(12:53 / Allies) T3AM_K1LL3R: HELP
(12:57 / Allies) SarahPalinSucks: TP TO BLUE
(14:46 / Allies) SarahPalinSucks: out
(15:10 / Allies) cruisercromwell: why
(15:12 / Allies) cruisercromwell: dont run
(15:13 / Allies) cruisercromwell: come bak
(15:14 / Allies) cruisercromwell: i have siege
(15:16 / Allies) cruisercromwell: just protect it
(15:33 / Allies) cruisercromwell: they have jack
(15:53 / Allies) SarahPalinSucks: ok but its a bad idea
(16:41 / Allies) T3AM_K1LL3R: coming soon
(17:21 / Allies) T3AM_K1LL3R: coming
(18:30 / Allies) T3AM_K1LL3R: :P teal can u heal meh?
(18:49 / Allies) T3AM_K1LL3R: u green?
(18:59 / Allies) SarahPalinSucks: yay red gg
(19:06 / Allies) SarahPalinSucks: and no i can't heal no mana
(19:11 / All) SarahPalinSucks: gg
(19:16 / Allies) T3AM_K1LL3R: someone heal my BM
(19:16 / Allies) cruisercromwell: heal ward here terd
(19:21 / Allies) cruisercromwell: u blind?
(19:27 / Allies) T3AM_K1LL3R: fck
(19:54 / Allies) bobsandersishot: wood plz
(19:55 / Allies) bobsandersishot: 300
(20:23 / All) Socratesp: lets ring these bells one last ride!
(22:23 / Allies) cruisercromwell: hit main only
(22:27 / Allies) T3AM_K1LL3R: holy shitt
(23:02 / Allies) T3AM_K1LL3R: wtf red?
(23:08 / Allies) cruisercromwell: ass
(23:11 / Allies) T3AM_K1LL3R: red is killing meh
(23:15 / Allies) cruisercromwell: hes a bser
(23:27 / Allies) T3AM_K1LL3R: >.<
(23:35 / All) Tsar.: wanna lose your bats that's cool too green
(23:38 / All) Tsar.: Fag
(23:41 / Allies) cruisercromwell: but then u guys dont deserve the win
(23:50 / All) SarahPalinSucks: what are you talking about?
(23:59 / All) Tsar.: Chasing my bats when I wanted to kill blue's
(24:05 / All) Tsar.: You little hobgoblin
(24:14 / Allies) cruisercromwell: especially u blue
(24:16 / Allies) cruisercromwell: ur a retard
(24:20 / Allies) T3AM_K1LL3R: how?
(24:34 / Allies) cruisercromwell: thats ahrd to explain
(25:11 / Allies) SarahPalinSucks: why are you doing this red?
(25:15 / Allies) bobsandersishot: for fun
(25:17 / Allies) cruisercromwell: to piss u off prolly
(25:36 / Allies) SarahPalinSucks: killing your own team and losing the game is fun?
(25:48 / Allies) cruisercromwell: i feel this way to sometimes
(25:56 / Allies) cruisercromwell: allies r so bad u want them to lose instead of the enemy
(25:57 / All) bobsandersishot: taking my anger oout on my teammaes
(26:00 / All) bobsandersishot: my sister dumped me
(26:13 / Allies) T3AM_K1LL3R: sister?
(26:22 / All) bobsandersishot: yea bleu i have fucked upf amily
(27:24 / All) bobsandersishot: nothing personal
(27:25 / All) bobsandersishot: green
(27:26 / All) bobsandersishot: blue
(27:27 / All) bobsandersishot: teal
(27:28 / All) bobsandersishot: however
(27:32 / All) bobsandersishot: ask yellow what he is doing
(27:39 / All) T3AM_K1LL3R: :P
(27:51 / All) T3AM_K1LL3R: red is noob he kills his own team mates
(28:01 / All) bobsandersishot: ill save u blue
(28:02 / Allies) cruisercromwell: hes way better than u blue
(28:14 / Allies) cruisercromwell: ur worthless
(28:19 / Allies) T3AM_K1LL3R: -.-
(28:23 / All) bobsandersishot: come here bich
(29:16 / All) bobsandersishot: naughty oj
(31:26 / All) bobsandersishot: listen up everyone
(31:40 / Allies) T3AM_K1LL3R: fck
(31:42 / All) SarahPalinSucks: I'm putting you on ignore
(31:48 / All) bobsandersishot: yellow and i are friends, we're gonna give u all equal chance tow in
(31:55 / All) bobsandersishot: whoever has best internet connection wins
(32:07 / All) Socratesp: .....
(32:13 / All) Socratesp: so the truth comes out
(32:25 / All) SarahPalinSucks: I have red squelched, but you guys won
(32:56 / All) Socratesp: so whats this equal chance?
(33:07 / All) bobsandersishot: idiot look at teals base
(33:09 / All) bobsandersishot: and greens
(33:11 / All) bobsandersishot: its gone
(33:13 / All) bobsandersishot: jackass
(33:21 / All) Socratesp: oh i see but im curious what ur plan is to the fullest
(33:21 / Allies) T3AM_K1LL3R: -.-
(33:22 / All) bobsandersishot: me and yellow will kill all buldings and units, INCLUDING our own
(33:28 / All) bobsandersishot: and leave game
(33:28 / All) SarahPalinSucks: there is no equal chance, its 2v1, and yellow's bats will destroy his gryphons in 2 seeconds
(33:50 / All) Socratesp: he doesnt have an army
(33:53 / All) Tsar.: I have two bats
(33:58 / All) bobsandersishot: im gonna kill my shit fools jesus christ
(34:13 / All) bobsandersishot: go watcfh tv, when u get back, the game will be equal and me and yellow will be gone
(34:19 / All) SarahPalinSucks: neither of you have an army?
(34:39 / All) Socratesp: ima sorry but bye this is a waste of time
(34:55 / Allies) T3AM_K1LL3R: :P
(35:07 / All) T3AM_K1LL3R: whos left?
(35:22 / All) Tsar.: pink's stuff
(35:31 / All) T3AM_K1LL3R: is he still there?
(36:13 / Allies) T3AM_K1LL3R: kk pink is still there
(36:58 / Allies) T3AM_K1LL3R: kill pink
(37:02 / All) T3AM_K1LL3R: kill pink
(37:07 / All) T3AM_K1LL3R: he's still there
(37:39 / Allies) T3AM_K1LL3R: arcane is killing his bat
(37:49 / All) bobsandersishot: ty blue
(37:55 / Allies) T3AM_K1LL3R: mp
(38:18 / All) T3AM_K1LL3R: u guys kill pink
(41:19 / All) bobsandersishot: standoff almost complete on ur side?
(41:26 / All) Tsar.: yeah
(41:39 / All) bobsandersishot: u need to buy some type of rpg
(41:56 / All) Tsar.: I played dragon age
(42:01 / All) bobsandersishot: i have that its tight
(42:35 / All) Tsar.: lawl
(42:39 / All) bobsandersishot: good
(42:46 / All) T3AM_K1LL3R: am i the last one?
(42:56 / All) Tsar.: YOU LOSE SIR
(42:58 / All) Tsar.: GOOD DAY
(43:04 / All) SarahPalinSucks: actually
(43:05 / All) SarahPalinSucks: you lost
(43:09 / All) T3AM_K1LL3R: -.-
(43:10 / All) bobsandersishot: uh
(43:12 / All) Tsar.: You lost
(43:14 / All) SarahPalinSucks: you're just such a sucky noob that you had your friend backstab
(43:16 / All) Tsar.: My team left
(43:19 / All) Tsar.: Haha
(43:20 / All) bobsandersishot: sorry green but orange left, which means u get the loss, nothing personal
(43:24 / All) Tsar.: You got raped faggot
(43:30 / All) Tsar.: My team sucked and I supermanned this win
(43:35 / All) Tsar.: I took on your whole team by myself
(43:47 / All) SarahPalinSucks: You got raped. But you probably threw a tantrum and your friend decided to backstab
(43:50 / All) Tsar.: MVP RIGHT HERE
(44:06 / All) Tsar.: I'll have highest score bitch
(44:19 / All) bobsandersishot: any last words green blue?
(44:22 / All) SarahPalinSucks: The highest score means nothing with red backstabbing
(44:31 / All) bobsandersishot: green squelched me
(44:35 / All) SarahPalinSucks: you're just upset because you know you suck at this game and couldn't have won this one without the backstabbing
(44:40 / All) Tsar.: Lol
(44:44 / All) Tsar.: If you were good you'd have won
(44:46 / All) Tsar.: Simple as
(44:49 / All) SarahPalinSucks: Right.
(44:57 / All) Tsar.: Enjoy the loss
(45:00 / All) Tsar.: Orchestrated by me
(45:04 / All) bobsandersishot: 1a
(45:06 / All) Tsar.: With my pro level skill
(45:09 / All) SarahPalinSucks: lol
(45:27 / All) SarahPalinSucks: pro as in you suck and only can win with enemy team backstabbers
(45:42 / All) bobsandersishot: im saving this replay was fun
(45:45 / All) bobsandersishot: was ur chat good?
(45:45 / All) Tsar.: I backstabbed too
(45:50 / All) Tsar.: That takes way mroe skill
(45:53 / All) SarahPalinSucks: right
(45:55 / All) Tsar.: I backstabbed and won think about it
(45:57 / All) Tsar.: That makes me the best
(46:11 / All) Tsar.: 23000 gold
(46:15 / All) bobsandersishot: 11k
(46:15 / All) Tsar.: You probably never had more than 2k
(46:26 / All) Tsar.: I have like a monopoly on the gold industry
(46:30 / All) SarahPalinSucks: doesn't matter how much gold. We would have won if your friend hadn't pussied and backstabbed
(46:37 / All) Tsar.: This is false
(46:41 / All) Tsar.: You had mass wyverns
(46:43 / All) Tsar.: I had bats
(46:47 / All) Tsar.: Bats > wyverns
(47:05 / All) SarahPalinSucks: You had bats. But we all had armies
(47:12 / All) Tsar.: Big deal
(47:14 / All) bobsandersishot: tell him to unsquelch me
(47:19 / All) Tsar.: I had towers and bats
(47:22 / All) Tsar.: You can't beat towers and bats
(47:33 / All) SarahPalinSucks: Lol. No wonder you needed red to backstab, you have no clue how to play
(47:48 / All) Tsar.: You're just mad because I'm styling on you
(47:57 / All) SarahPalinSucks: I'm not mad. I'm laughing at you.
(48:06 / All) Tsar.: Why are you laughing the game is in my hands
(48:09 / All) Tsar.: I have the POWER
(48:39 / All) bobsandersishot: go on msn ill post chatlog
(48:48 / All) bobsandersishot: u want honor of last building
(48:53 / All) Tsar.: YEs
(48:58 / All) Tsar.: GG
(48:59 / All) Tsar.: I WON
(49:01 / All) bobsandersishot: u owned green so u deserveit
(49:02 / All) Tsar.: SINGLEHANDEDLY
(49:06 / All) Tsar.: I AM MASTER STRATEGIST